 Seeded DCSS version 0.30.1-11-g7821555f0a (webtiles) character file.

Game seed: 5129858224507802926 (custom seed)

73 Psyclone the Conjurer (level 4, 24/24 HPs)
             Began as a Deep Elf Conjurer on Nov 8, 2023.
             Quit the game on level 3 of the Dungeon.
             The game lasted 00:00:33 (243 turns).

Psyclone the Conjurer (Deep Elf Conjurer)            Turns: 243, Time: 00:00:33

Health: 24/24      AC:  2    Str:  4    XL:     4   Next: 8%
Magic:  2/11       EV: 12    Int: 25    God:
Gold:   30         SH:  0    Dex: 15    Spells: 8/11 levels left

rFire   . . .        (no weapon)
rCold   . . .        (no shield)
rNeg    . . .        a - +0 robe
rPois   .            (no helmet)
rElec   .            (no cloak)
rCorr   .            (no gloves)
SInv    +            (no boots)
Will    .....        (no amulet)
Stlth   +++          (no ring)
HPRegen 0.24/turn    (no ring)
MPRegen 0.12/turn

%: clarity
@: no status effects
A: thin skeletal structure 1, see invisible, clarity, low MP 1, teleportitis 1,
sturdy frame 1
a: no special abilities


You were on level 3 of the Dungeon.
You visited 1 branch of the dungeon, and saw 3 of its levels.

You collected 30 gold pieces.

Inventory:

Armour
 a - a +0 robe (worn)
Scrolls
 d - a scroll of amnesia {unknown}
 e - a scroll of vulnerability {unknown}
Potions
 b - a potion of magic


   Skills:
 - Level 2.4 Dodging
 - Level 2.4 Stealth
 + Level 4.2 Spellcasting
 * Level 5.7 Conjurations


You had 8 spell levels left.
You knew the following spells:

 Your Spells              Type           Power      Damage    Failure   Level
a - Magic Dart            Conj           100%       1d8       1%          1
b - Searing Ray           Conj           66%        2d6       1%          2

Your spell library contained the following spells:

 Spells                   Type           Power      Damage    Failure   Level
 Dazzling Flash           Conj/Hex       38%        N/A       9%          3
 Fulminant Prism          Conj/Hex       9%         3d7       28%         4
 Iskenderun's Mystic Bla  Conj/Tloc      19%        2d6       28%         4


Dungeon Overview and Level Annotations

Branches:
Dungeon (3/15) Zot: 17757

Altars:

Shops:
D:2 =


Innate Abilities, Weirdness & Mutations

You have a somewhat thin skeletal structure. (Dex +2, Stealth+)
You have supernaturally acute eyesight. (SInv)
You possess an exceptional clarity of mind.
Your magical capacity is low. (-10% MP)
You are occasionally teleported next to monsters.
Your movements are slightly less encumbered by armour. (ER -2)


Message History

Your base attributes are Str 4, Int 22, Dex 13.
Increase (S)trength, (I)ntelligence, or (D)exterity?
You feel clever. x2; You have reached level 4!
You feel clever.
Health restored: 24 You now have 3/12 mp.
Casting: Searing Ray (safe; 1% risk of failure)
Confirm with . or Enter, or press ? or * to list all spells.
Aiming: Searing Ray (safe; 1% risk of failure)
Press: ? - help, Shift-Dir - straight line, f - orc
Aim: an orc, wielding a +0 flail and wearing a +0 scale mail (almost dead, 83% to hit)
The searing ray hits the orc but does no damage.
The orc is almost dead. (Press . to maintain the ray.)
The searing ray hits the orc!
You kill the orc!
You now have 0/12 mp.
Things that are here:
a +0 dagger; a +0 robe
Items here: )) [ †.
Found 2 potions of mutation.
Things that are here:
a +0 dagger; an orc corpse You see here 2 potions of mutation.
e - 2 potions of mutation Adjust (i)tems, (s)pells, or (a)bilities?
e - 2 potions of mutation Adjust to which letter? (? for menu, Esc to quit)
c - 2 potions of mutation;
e - a scroll labelled MIERASHEPSEPHI Really quaff the potion of mutation?
You feel extremely strange.
You feel stupid.
You shed all your fur.
You feel weirdly uncertain.
You feel less energetic.
Iridescent scales grow over part of your body.
Really quaff the potion of mutation?
You feel extremely strange.
Your iridescent scales disappear.
You no longer feel cold resistant.
Your bones become slightly less dense.
You feel less encumbered by your armour.
Unknown command.
Are you sure you want to abandon this character and quit the game? (Confirm with "yes".)

# # ..# #.#
### #)# #)#
#)#
###.#####.
##.........#
#....#######
#..### #@.#
#..# #..#
#..# #..#
...# ..##
###


There were no monsters in sight!

Vanquished Creatures
  An orc priest (D:3)
  An orc wizard (D:3)
  A dart slug (D:2)
  2 orcs (D:3)
  2 bats (D:2)
  3 endoplasms
  A goblin (D:2)
  A hobgoblin (D:2)
  2 ball pythons (D:2)
  A rat (D:1)
15 creatures vanquished.

Notes
Turn   | Place    | Note
-------+----------+-------------------------------------------
     0 | D:1      | Psyclone the Deep Elf Conjurer began the quest for the Orb.
     0 | D:1      | Reached XP level 1. HP: 10/10 MP: 6/6
    80 | D:2      | Found Zutuxkoi's Jewellery Shop.
    83 | D:2      | Reached XP level 2. HP: 15/15 MP: 4/8
   100 | D:2      | Learned a level 2 spell: Searing Ray
   101 | D:2      | Gained mutation: Your skin changes colour to match your
                  | surroundings (Stealth+). [potion of mutation]
   101 | D:2      | Gained mutation: Your movements are slightly less
                  | encumbered by armour. (ER -2) [potion of mutation]
   101 | D:2      | Gained mutation: You are covered in fur. (AC +1) [potion of
                  | mutation]
   101 | D:2      | Gained mutation: You are robust. (+10% HP) [potion of
                  | mutation]
   107 | D:2      | Lost mutation: You are robust. (+10% HP) [potion of
                  | mutation]
   107 | D:2      | Lost mutation: Your movements are slightly less encumbered
                  | by armour. (ER -2) [potion of mutation]
   107 | D:2      | Lost mutation: Your skin changes colour to match your
                  | surroundings (Stealth+). [potion of mutation]
   107 | D:2      | Gained mutation: You have supernaturally acute eyesight.
                  | (SInv) [potion of mutation]
   107 | D:2      | Gained mutation: Your flesh is cold resistant. (rC+)
                  | [potion of mutation]
   107 | D:2      | Gained mutation: Your mind is acute. (Int +4, Str/Dex -1)
                  | [potion of mutation]
   107 | D:2      | Gained mutation: You possess an exceptional clarity of
                  | mind. [potion of mutation]
   227 | D:3      | Reached skill level 5 in Conjurations
   227 | D:3      | Reached XP level 3. HP: 19/19 MP: 3/10
   227 | D:3      | Reached XP level 4. HP: 24/24 MP: 3/12
   241 | D:3      | Lost mutation: Your mind is acute. (Int +4, Str/Dex -1)
                  | [potion of mutation]
   241 | D:3      | Lost mutation: You are covered in fur. (AC +1) [potion of
                  | mutation]
   241 | D:3      | Gained mutation: You are occasionally teleported next to
                  | monsters. [potion of mutation]
   241 | D:3      | Gained mutation: Your magical capacity is low. (-10% MP)
                  | [potion of mutation]
   241 | D:3      | Gained mutation: You are partially covered in iridescent
                  | scales. (AC +2) [potion of mutation]
   242 | D:3      | Lost mutation: You are partially covered in iridescent
                  | scales. (AC +2) [potion of mutation]
   242 | D:3      | Lost mutation: Your flesh is cold resistant. (rC+) [potion
                  | of mutation]
   242 | D:3      | Gained mutation: You have a somewhat thin skeletal
                  | structure. (Dex +2, Stealth+) [potion of mutation]
   242 | D:3      | Gained mutation: Your movements are slightly less
                  | encumbered by armour. (ER -2) [potion of mutation]
   243 | D:3      | Quit the game

Illustrated notes

Levels and vault maps discovered:
D:1:      saegor_arrival_simple_c, layout_rooms, serial_shops, shop,
          kennysheep_nondescript, minmay_misc_feat_ornament
D:2:      layout_basic, serial_shops, nicolae_shop_tiny_statue_garden,
          nicolae_shop_scrapyard, shop, shop
D:3:      layout_loops_ring

Skill      XL: |  1  2 |
---------------+-------+-----
Spellcasting   | 4 |  4.2
Conjurations   | 5 |  5.7
Dodging        | |  2.4
Stealth        | |  2.4

Action                     |  1- 3 |  4- 6 || total
---------------------------+-------+-------++-------
   Cast: Magic Dart        |    15 |       ||    15
         Searing Ray       |     1 |     1 ||     2
    Use: Potion            |     2 |     2 ||     4
  Dodge: Dodged            |     1 |       ||     1
